 Dungeon Crawl Stone Soup version 0.30-a0-161-gdd60e06945 (webtiles) character file.

Game seed: 12769833322559099389

257 qw the Chopper (level 6, -4/37 HPs)
             Began as a Gargoyle Fighter on Sept 27, 2022.
             Slain by an ogre
             ... wielding a +0 giant club
              (16 damage)
             ... on level 4 of the Dungeon.
             The game lasted 00:01:05 (3200 turns).

qw the Chopper (Gargoyle Fighter)                   Turns: 3200, Time: 00:01:05

Health: -4/37      AC: 14    Str: 25    XL:     6   Next: 16%
Magic:  6/6        EV:  8    Int:  8    God:
Gold:   135        SH:  5    Dex: 14    Spells: 5/5 levels left

rFire   . . .      SeeInvis .    Y - +1 war axe
rCold   . . .      Faith    .    c - +0 buckler
rNeg    + . .      Spirit   .    f - +0 chain mail
rPois   inf        Reflect  .    (no helmet)
rElec   +          Harm     .    (no cloak)
rCorr   +          Rampage  .    p - +0 pair of gloves
Will    +....                    (no boots)
Stlth   ..........               (no amulet)
HPRegen 0.12/turn                i - +6 ring of dexterity
MPRegen 0.10/turn                e - ring of resist corrosion

@: no status effects
A: sickness immunity, AC +4, negative energy resistance 1, electricity
resistance, torment resistance 1, petrification resistance, strong-willed 1,
strong 1
a: no special abilities


You were on level 4 of the Dungeon.
You visited 1 branch of the dungeon, and saw 4 of its levels.

You collected 135 gold pieces.


Innate Abilities, Weirdness & Mutations

You are immune to sickness and miasma.
Your stone body is resilient. (AC +4)
You are immune to poison.
You resist negative energy. (rN+)
You are resistant to electric shocks. (rElec)
You are resistant to unholy torment.
You are immune to petrification.
You are strong-willed. (Will+)
Your muscles are strong. (Str +4, Int/Dex -1)


   Skills:
 + Level 3.3 Fighting
 - Level 5.4 Axes
 - Level 3.2 Armour
 - Level 1.2 Dodging
 - Level 3.2 Shields


You had 5 spell levels left.
You didn't know any spells.
Your spell library was empty.

Inventory:

Hand Weapons
 g - a +0 whip
 Y - a +1 war axe (weapon)
Armour
 c - a +0 buckler (worn)
 f - a +0 chain mail (worn)
 l - a +1 scale mail of fire resistance
 o - the +1 leather armour of Ferocious Intercession {rN+ rCorr Str+5 Dex-4}
   (You found it on level 3 of the Dungeon)

   Str:       It affects your strength (+5).
   Dex:       It affects your dexterity (-4).
   rN:        It protects you from negative energy.
   rCorr:     It protects you from acid and corrosion.
 p - a +0 pair of gloves (worn)
Jewellery
 a - a ring of ice
 e - a ring of resist corrosion (right hand)
 i - a +6 ring of dexterity (left hand)
Scrolls
 h - a scroll of identify
 k - a scroll of blinking {unknown}
Potions
 b - a potion of lignification
 d - a potion of might
 j - a potion of mutation
 q - a potion of heal wounds {unknown}
 s - a potion of flight {unknown}

Dungeon Overview and Level Annotations

Branches:
Dungeon (4/15)
 Temple: D:4-7

Altars:


Message History

A jackal comes into view.
You closely miss the jackal.
The jackal is moderately wounded.
The jackal barely misses you.
The jackal bites you but does no damage.
The jackal barely misses you.
You slash the jackal!
You kill the jackal!
You hit the jackal but do no damage. The jackal closely misses you.
The jackal barely misses you.
A jackal comes into view.
The jackal bites you but does no damage.
You hit the jackal but do no damage. You hit the jackal.
The jackal bites you but does no damage. x3
The jackal bites you.
You closely miss the jackal.
The jackal is moderately wounded.
You slash the jackal!
You kill the jackal!
The jackal bites you but does no damage. x2
You slash the jackal!
You kill the jackal!
You slash the jackal!
You kill the jackal!
You start resting.
An ogre comes into view. It is wielding a +0 giant club.
3196 ||| Stepping ~*~*~tactically~*~*~ (stealth).
Things that are here:
a +0 flail; a +0 ring mail; an orc corpse You hit the ogre.
The ogre is lightly wounded.
The ogre barely misses you.
You slice the ogre!!
The ogre is severely wounded.
The ogre hits you with a +0 giant club!!
Ouch! That really hurt!
You hit the ogre.
The ogre is almost dead.
The ogre hits you with a +0 giant club!
You die...

# ..##### ..... .#
...[ ...#. .#
#..###... .. #..##..#
##. #@##..# ..
#O##..###.######
#%...........>..
######.....>.<.......
..............%...####
#####...#.........#
.....###.........#
##### #.........#
#..[......#


You could see an ogre.

Vanquished Creatures
  A scorpion (D:4)
  Natasha (thrice) (D:3)
  4 adders
  A worm (D:4)
  4 dart slugs
  4 orcs
  6 endoplasms
  3 giant cockroaches
  4 goblins
  2 hobgoblins (D:2)
  9 jackals
  5 kobolds
  2 quokkas
  3 ball pythons
  6 bats
  4 frilled lizards
  9 rats
70 creatures vanquished.

Notes
Turn   | Place    | Note
-------+----------+-------------------------------------------
     0 | D:1      | qw the Gargoyle Fighter began the quest for the Orb.
     0 | D:1      | Reached XP level 1. HP: 14/14 MP: 1/1
     0 | D:1      | 0 ||| qw: Version: 0.2-a-10-g37ed214
     0 | D:1      | 0 ||| qw: Game counter: 665
     0 | D:1      | 0 ||| qw: Always use a shield: true
     0 | D:1      | 0 ||| qw: God list: Okawaru
     0 | D:1      | 0 ||| qw: Allow faded altars: false
     0 | D:1      | 0 ||| qw: Do Orc after D:15 true
     0 | D:1      | 0 ||| qw: Do second Lair branch before Depths: true
     0 | D:1      | 0 ||| qw: Lair rune preference: random
     0 | D:1      | 0 ||| qw: Plans: Normal, Zot:1-4, God:TSO, Crypt, Tomb,
                  | Pan, Slime:5, Hells, Abyss, Orb
     0 | D:1      | 0 ||| PLANNING D:1-11
    41 | D:1      | Reached skill level 2 in Axes
    72 | D:1      | Found a faded altar of an unknown god.
    87 | D:1      | Reached XP level 2. HP: 17/19 MP: 2/2
   870 | D:1      | 870 ||| UPGRADING to +0 chain mail.
   880 | D:1      | 880 ||| DROPPING +0 scale mail.
   881 | D:1      | 881 ||| DROPPING +6 ring of intelligence.
   882 | D:1      | 882 ||| UPGRADING to +6 ring of dexterity.
   883 | D:1      | 883 ||| READING scroll labelled TAOSAPPIWN.
   884 | D:1      | 884 ||| READING scroll labelled KUIGRUTEAT.
   945 | D:2      | Reached skill level 3 in Axes
   973 | D:2      | Reached XP level 3. HP: 23/23 MP: 3/3
  1433 | D:2      | 1433 ||| Stepping ~*~*~tactically~*~*~ (hiding).
  1443 | D:2      | Reached XP level 4. HP: 28/28 MP: 4/4
  1612 | D:2      | 1612 ||| Stepping ~*~*~tactically~*~*~ (hiding).
  1614 | D:2      | 1614 ||| Stepping ~*~*~tactically~*~*~ (hiding).
  1743 | D:2      | Reached skill level 4 in Axes
  1863 | D:2      | 1863 ||| UPGRADING to ring of resist corrosion.
  1864 | D:2      | 1864 ||| READING scroll labelled IRELOOSKURGH.
  1865 | D:2      | 1865 ||| READING scroll labelled FABECEARAWK.
  1866 | D:2      | 1866 ||| DRINKING 2 fizzy yellow potions.
  1967 | D:3      | 1967 ||| Stepping ~*~*~tactically~*~*~ (stealth).
  2055 | D:3      | Noticed Natasha
  2063 | D:3      | Killed Natasha
  2064 | D:3      | Reached skill level 1 in Dodging
  2070 | D:3      | Noticed Natasha
  2074 | D:3      | Killed Natasha
  2075 | D:3      | Reached XP level 5. HP: 27/32 MP: 5/5
  2122 | D:3      | Identified the +1 leather armour of Ferocious Intercession
                  | {rN+ rCorr Str+5 Dex-4}
  2235 | D:3      | Noticed Natasha
  2236 | D:3      | 2236 ||| Stepping ~*~*~tactically~*~*~ (stealth).
  2245 | D:3      | 2245 ||| Stepping ~*~*~tactically~*~*~ (stealth).
  2247 | D:3      | 2247 ||| Stepping ~*~*~tactically~*~*~ (hiding).
  2256 | D:3      | Killed Natasha
  2964 | D:3      | 2964 ||| UPGRADING to +0 pair of gloves.
  2969 | D:3      | 2969 ||| READING scroll labelled RAQ CORAOSAN.
  2970 | D:3      | 2970 ||| READING scroll labelled DUURHU HOMMIN.
  2975 | D:3      | 2975 ||| READING scroll labelled NEOLIN DAUSMOP.
  2976 | D:3      | 2976 ||| DRINKING 2 fizzy blue potions.
  2976 | D:3      | Gained mutation: You are strong-willed. (Will+) [potion of
                  | mutation]
  2976 | D:3      | Gained mutation: Your muscles are strong. (Str +4, Int/Dex
                  | -1) [potion of mutation]
  2977 | D:3      | 2977 ||| READING 2 scrolls of identify.
  2977 | D:3      | 2977 ||| IDENTIFYING brown potion
  2978 | D:3      | 2978 ||| DROPPING potion of degeneration.
  2995 | D:4      | 2995 ||| STAIRDANCE
  3058 | D:4      | Reached skill level 5 in Axes
  3058 | D:4      | Reached XP level 6. HP: 25/37 MP: 6/6
  3196 | D:4      | 3196 ||| Stepping ~*~*~tactically~*~*~ (stealth).
  3200 | D:4      | Slain by an ogre

Levels and vault maps discovered:
D:1:      tarquinn_simple_flora_water_f, layout_basic,
          ebering_ecumenical_altar_box
D:2:      layout_basic
D:3:      layout_loops_cross, uniq_natasha
D:4:      layout_rooms

Skill      XL: |  1  2  3  4  5 |
---------------+----------------+-----
Axes           | 2 3 4 5 |  5.4
Dodging        | 1 |  1.2
Fighting       | |  3.3
Armour         | |  3.2
Shields        | |  3.2

Action                   |  1- 3 |  4- 6 || total
-------------------------+-------+-------++-------
Melee: War axe           |   104 |   100 ||   204
  Use: Scroll            |     2 |     6 ||     8
       Potion            |       |     2 ||     2
Armor: Scale mail        |    25 |       ||    25
       Chain mail        |    36 |    54 ||    90
Dodge: Dodged            |    40 |    22 ||    62
Block: Buckler           |    25 |    14 ||    39

Table legend:
 A = Non-vault XP
 B = Vault XP
 C = Vault XP percentage of total XP
 D = Non-vault monster count
 E = Vault monster count
 F = Vault count percentage of total count
                 A         B        C        D         E       F
            +---------+---------+-------+---------+---------+-------
      Total |     333 |      35 |   9.5 |      69 |       1 |   1.4
            +---------+---------+-------+---------+---------+-------
        D:1 |      24 |       0 |   0.0 |      16 |       0 |   0.0
        D:2 |      75 |       0 |   0.0 |      26 |       0 |   0.0
        D:3 |     129 |      35 |  21.3 |      19 |       1 |   5.0
        D:4 |     105 |       0 |   0.0 |       8 |       0 |   0.0
            +---------+---------+-------+---------+---------+-------
